Map: [ESL] Inside and Out

Players

Serral

  • Race: Zerg Zerg
  • Spawn Location: 7:00

ByuN - Winner!

  • Race: Terran Terran
  • Spawn Location: 1:00

Event: HomeStory Cup XXII

VOD

Have the link to the VOD?

Description

Time

  • Played on: Dec. 17, 2022, 12:57 p.m.
  • Length: 12:21

All games in this series

Show
View Real Time Build Order
Export as new Build Order

Serral Zerg 

Build Orders: Hatch First, Lurkers 

Get SALT Encoding   

  12  0:00  Drone  
  13  0:11  Overlord  
  13  0:16  Drone  
  14  0:30  Drone x2  
  16  0:46  Hatchery  
  15  0:50  Drone  
  15  0:53  Drone  
  17  0:57  Drone  
  18  1:08  Extractor  
  17  1:12  Spawning Pool  
  17  1:15  Drone  
  17  1:18  Drone  
  18  1:27  Drone  
  19  1:38  Drone  
  20  1:49  Drone  
  21  1:58  Queen x2  
  25  2:06  Zergling x2  
  26  2:11  Overlord  
  26  2:12  Drone x2  
  28  2:21  Hatchery  
  27  2:23  Drone  
  28  2:31  Drone x3  
  31  2:37  Metabolic Boost  
  31  2:42  Queen  
  33  2:47  Overlord  
  33  2:49  Drone  
  34  2:52  Drone  
  34  2:54  Drone  
  36  3:05  Overlord x2  
  36  3:08  Drone x3  
  39  3:14  Drone  
  39  3:16  Queen  
  39  3:17  Drone  
  43  3:24  Drone, Queen  
  46  3:29  Drone  
  46  3:34  Drone x2  
  48  3:35  Roach Warren  
  48  3:40  Extractor  
  47  3:42  Drone x4  
  51  3:48  Drone  
  51  3:49  Drone  
  51  3:55  Overlord  
  53  3:56  Drone x4  
  53  4:00  Queen  
  59  4:11  Overlord  
  59  4:15  Roach  
  59  4:16  Roach x4  
  69  4:23  Zergling x8  
  73  4:26  Zergling x2  
  73  4:31  Roach x2, Overlord  
  74  4:32  Roach  
  74  4:37  Overlord  
  80  4:39  Lair  
  80  4:43  Roach  
  82  4:46  Overlord  
  82  4:50  Drone x2  
  84  4:53  Extractor  
  84  4:54  Drone  
  84  5:03  Zergling x4  
  84  5:04  Drone x3  
  84  5:06  Drone x2  
  84  5:07  Drone x3  
  93  5:12  Overlord  
  92  5:15  Roach  
  92  5:16  Roach x2  
  92  5:18  Drone  
  99  5:24  Drone  
  99  5:26  Drone  
  99  5:27  Extractor x2  
  99  5:28  Roach, Spore Crawler  
  100  5:31  Overlord  
  100  5:36  Glial Reconstitution  
  100  5:38  Drone x6  
  100  5:42  Evolution Chamber  
  105  5:43  Roach x3, Evolution Chamber  
  105  5:44  Overseer  
  110  5:53  Extractor  
  110  5:54  Drone x3  
  112  5:59  Overlord  
  112  6:01  Drone x3  
  112  6:04  Drone  
  116  6:09  Zerg Missile Weapons Level 1, Zerg Ground Armor Level 1  
  116  6:10  Drone x2  
  118  6:13  Drone x2  
  118  6:15  Infestation Pit, Overlord x2  
  118  6:16  Overlord  
  118  6:34  Hatchery  
  118  6:36  Zergling x14  
  118  6:38  Roach x4  
  118  6:39  Zergling x2  
  133  6:48  Drone x4  
  133  6:49  Hydralisk Den  
  133  6:54  Drone x3, Hive  
  136  6:59  Drone x2  
  141  7:05  Overlord  
  141  7:06  Roach x2  
  141  7:08  Overlord  
  145  7:14  Overlord  
  145  7:15  Overlord x3, Extractor  
  144  7:16  Extractor  
  143  7:24  Ravager x3  
  143  7:25  Roach x2  
  143  7:28  Roach x5  
  143  7:29  Lurker Den  
  159  7:35  Drone  
  160  7:38  Zergling x10  
  165  7:44  Overlord  
  165  7:45  Hydralisk  
  165  7:46  Hydralisk x3  
  165  7:48  Hydralisk  
  165  7:49  Hydralisk  
  175  8:06  Viper x2  
  181  8:15  Drone  
  181  8:16  Drone x3  
  185  8:26  Zergling x10  
  189  8:27  Lurker x4  
  189  8:28  Lurker x2, Seismic Spines  
  191  8:35  Roach  
  191  8:36  Roach x5  
  196  8:42  Hydralisk x2  
  196  8:46  Hatchery  
  199  8:52  Hydralisk  
  199  8:53  Hydralisk  
  192  8:56  Ravager  
  192  8:57  Ravager  
  187  9:06  Roach  
  187  9:07  Roach x12  
  181  9:13  Roach  
  174  9:22  Lurker x3  
  162  9:24  Roach x2  
  162  9:25  Zergling x4  
  162  9:27  Queen x3  
  172  9:37  Hydralisk x4  
  159  9:42  Extractor  
  159  9:44  Extractor  
  157  9:47  Hydralisk x2  
  157  9:48  Zergling x2  
  161  9:54  Adaptive Talons  
  161  9:59  Queen  
  163  10:00  Drone x2  
  163  10:07  Hydralisk x3  
  165  10:10  Lurker  
  165  10:13  Drone, Lurker  
  174  10:14  Zergling x2  
  174  10:15  Zergling x6  
  174  10:21  Hydralisk x2  
  174  10:26  Hydralisk x2  
  161  10:31  Hydralisk x2  
  131  10:36  Hydralisk x2  
  131  10:39  Lurker  
  127  10:44  Zergling x8  
  127  10:48  Hatchery  
  128  10:52  Lurker  
  128  10:53  Zergling x4  
  125  10:58  Lurker x3  
  125  11:00  Zergling x4  
  120  11:05  Zergling x6  
  123  11:13  Hydralisk x2  
  123  11:14  Zergling x10  
  123  11:15  Lurker  
  129  11:21  Hydralisk x2  
  126  11:31  Hydralisk x3  
  125  11:37  Zergling x2  
  125  11:38  Hydralisk x2  
  116  11:46  Hydralisk x2  
  107  11:47  Zergling x4  
  107  11:50  Lurker x2  
  115  11:54  Hydralisk  
Show
View Real Time Build Order
Export as new Build Order

ByuN Terran - Winner!

Build Orders: Command Center First (CC) 

Get SALT Encoding   

  12  0:00  SCV  
  13  0:12  SCV  
  14  0:17  Supply Depot  
  14  0:24  SCV  
  15  0:38  SCV  
  16  0:50  SCV  
  17  0:58  Command Center  
  17  1:03  SCV  
  18  1:12  Barracks  
  18  1:15  SCV  
  19  1:21  Refinery  
  19  1:27  SCV  
  19  1:29  Refinery  
  20  1:39  SCV  
  21  1:43  Barracks  
  21  1:51  SCV  
  22  1:59  Barracks Reactor  
  22  2:03  Orbital Command  
  22  2:12  Orbital Command  
  22  2:30  SCV  
  22  2:32  Barracks Tech Lab  
  22  2:34  Factory  
  22  2:35  Marine x2  
  25  2:38  SCV  
  25  2:42  SCV  
  27  2:51  Marine  
  27  2:53  Marine x2  
  27  2:54  SCV x2  
  27  2:58  Stimpack  
  32  3:00  Supply Depot  
  32  3:06  SCV x2  
  32  3:09  Marine  
  32  3:11  Marine x2  
  37  3:18  SCV  
  38  3:21  SCV, Starport  
  38  3:22  Factory Reactor  
  38  3:26  Supply Depot  
  39  3:28  Marine  
  39  3:31  Marine x2  
  43  3:35  SCV  
  43  3:36  SCV  
  43  3:41  Supply Depot  
  44  3:47  Marine  
  44  3:48  SCV x2  
  47  3:49  Marine x2  
  49  4:00  SCV x2  
  51  4:04  Supply Depot, Marine  
  51  4:07  Medivac x2  
  56  4:10  Marine x2  
  56  4:12  SCV x2  
  56  4:16  Supply Depot  
  60  4:17  Factory Tech Lab  
  60  4:21  Refinery  
  60  4:22  Marine, Engineering Bay  
  61  4:24  SCV  
  61  4:28  Barracks  
  61  4:29  Marine x2  
  64  4:32  SCV  
  64  4:36  SCV  
  66  4:40  Siege Tank  
  66  4:42  Marine  
  70  4:47  Marine x2  
  70  4:49  Supply Depot  
  70  4:50  Terran Infantry Weapons Level 1  
  73  4:53  SCV x2  
  73  4:55  Supply Depot  
  73  5:02  Starport Reactor  
  73  5:05  SCV x2  
  75  5:17  Command Center  
  75  5:19  Siege Tank  
  78  5:22  SCV x2  
  78  5:25  Refinery  
  80  5:33  Barracks  
  80  5:34  SCV x2  
  80  5:35  Barracks  
  82  5:41  Engineering Bay  
  82  5:46  SCV x2  
  84  5:58  Marine  
  84  5:59  SCV x2, Marauder, Marine x3  
  84  6:00  Medivac  
  94  6:04  Supply Depot  
  94  6:05  Supply Depot  
  94  6:11  Combat Shield  
  94  6:18  Terran Infantry Armor Level 1  
  94  6:20  Supply Depot  
  94  6:23  Barracks Tech Lab x2  
  94  6:25  Marine  
  94  6:26  SCV x2, Siege Tank, Marine  
  94  6:29  Marine x2  
  105  6:38  SCV x2  
  107  6:43  Armory  
  107  6:44  Supply Depot  
  107  6:45  Orbital Command  
  107  6:48  Marauder x2  
  107  6:50  SCV  
  107  6:51  Marauder  
  107  6:53  Medivac x2  
  116  6:56  Concussive Shells  
  116  6:57  SCV  
  117  7:02  SCV  
  117  7:06  Marine x2  
  117  7:07  Marine x2  
  122  7:09  SCV  
  122  7:12  Supply Depot  
  122  7:13  Siege Tank, Supply Depot  
  126  7:17  Marauder  
  128  7:23  SCV x3  
  128  7:27  Marine x4  
  128  7:28  Marauder  
  128  7:29  Marauder  
  139  7:33  Medivac x2  
  139  7:36  Supply Depot  
  143  7:38  Supply Depot  
  143  7:48  Marauder  
  143  7:50  Marauder  
  143  7:51  Siege Tank, Marauder  
  149  7:52  Marine x4  
  156  8:09  Marine  
  156  8:10  Marauder, Marine x3  
  156  8:11  Marauder, Barracks, Supply Depot  
  156  8:12  Marauder, Barracks x2  
  166  8:15  Medivac x2  
  170  8:23  Siege Tank  
  171  8:39  Marauder x3  
  171  8:40  Marine x4  
  176  8:55  Siege Tank  
  176  8:57  Marine x2  
  176  9:01  Marine x2  
  181  9:03  Marine  
  181  9:04  Marine x2  
  181  9:05  Marine  
  181  9:06  Marauder x2  
  174  9:15  Marine x2  
  166  9:17  Medivac x2  
  166  9:19  Marine x2  
  166  9:21  Marine  
  166  9:22  Marine x2  
  166  9:23  Marine  
  170  9:26  Marine  
  170  9:27  Marauder  
  171  9:33  Marine x2  
  171  9:37  Marauder, Marine  
  164  9:39  Marine  
  164  9:40  Marine x3  
  164  9:45  Marauder  
  170  9:47  Siege Tank  
  170  9:49  Marauder  
  170  9:51  Marine x2  
  177  9:54  Marine  
  177  9:56  Medivac  
  177  9:57  Marine  
  181  10:01  Supply Depot x2  
  181  10:03  Supply Depot  
  181  10:20  Marine  
  181  10:21  Marine  
  181  10:22  Medivac, Marine x3  
  181  10:23  Siege Tank, Marauder x3, Marine  
  177  10:30  Marine  
  158  10:38  Marine  
  158  10:39  Marine  
  158  10:40  Marine x3  
  158  10:42  Marine  
  156  10:44  Marauder x3  
  156  10:48  Marine  
  160  10:52  Command Center  
  160  10:55  Siege Tank  
  160  10:56  Marine  
  159  10:57  Marine  
  159  10:58  Marine x3  
  159  11:00  Marine  
  158  11:05  Marauder x2  
  158  11:06  Marauder, Marine  
  156  11:12  Medivac  
  156  11:14  Marine  
  156  11:15  Marine  
  156  11:16  Marine x3  
  156  11:18  Marine  
  158  11:24  Marine  
  155  11:27  Marauder x3  
  155  11:32  Marine x2  
  154  11:33  Marine x2  
  154  11:34  Marine  
  154  11:36  Marine  
  142  11:42  Marine  
  134  11:48  Marauder, Marine x2  
  134  11:49  Marine  
  134  11:50  Marine  
  134  11:51  Marine x3  
  134  11:54  Marine  
  143  11:59  Marine  
Tags
 
Add a new tag
Caveats
  • Supply blocks, unpowered buildings, or Contaminate may cause inaccurate times.
  • Supply counts are checked every 10 seconds.